 Dungeon Crawl Stone Soup version 0.27-a0-1384-g1422d76b99 (webtiles) character file.

Game seed: 16802756498779033452

345822 Arzdou the Slayer (level 22, -9/207 (213) HPs)
             Began as a Hill Orc Fighter on June 29, 2021.
             Was the Champion of Yredelemnul.
             Killed from afar by a deep elf annihilator (62 damage)
             ... with a crystal spear
             ... on level 3 of the Elven Halls on June 30, 2021.
             The game lasted 04:34:08 (56474 turns).

Arzdou the Slayer (Hill Orc Fighter)               Turns: 56474, Time: 04:34:11

HP:   -9/207 (213)  AC: 38    Str: 30    XL:     22   Next: 11%
MP:   24/35         EV: 11    Int: 10    God:    Yredelemnul [******]
Gold: 2955          SH: 18    Dex: 18    Spells: 26/35 levels left

rFire    + + .     SeeInvis +   a - +7 broad axe (drain)
rCold    + + .     Faith    .   Y - +3 kite shield
rNeg     . . .     Spirit   .   Z - +8 plate armour of the Nexus {Str+2}
rPois    +         Reflect  .   G - +2 helmet
rElec    +         Harm     .   y - scarf {rC+ rF+}
rCorr    +         Rampage  .   O - +0 pair of gloves of Eternal Night {Str+4 Dex+3}
Will     +....                  L - +2 pair of boots {Stlth+}
Stlth    ..........             Q - amulet of regeneration
HPRegen  1.44/turn              A - ring of see invisible
MPRegen  0.24/turn              K - ring of the Ancients {+Blink rCorr AC+4 Dex+2}

@: mighty, lethally poisoned (-9 -> -9), about to teleport, resistant, lightly
drained
A: no striking features
}: 2/15 runes: serpentine, barnacled
a: Renounce Religion, Evoke Blink, Recall Undead Slaves, Injury Mirror, Animate
Dead, Drain Life, Enslave Soul


You were on level 3 of the Elven Halls.
You worshipped Yredelemnul.
Yredelemnul was exalted by your worship.
You visited 8 branches of the dungeon, and saw 39 of its levels.
You also visited: Ice Cave and Desolation.

You collected 5246 gold pieces.
You spent 2291 gold pieces at shops.

Inventory:

Hand Weapons
 a - a +7 broad axe of draining (weapon)
 b - the +2 executioner's axe of the Scorching Jester {vamp, rElec}
   (You acquired it on level 1 of the Vaults)

   It inflicts no extra harm, but heals its wielder when it wounds a living foe.
   rElec:     It insulates you from electricity.
 U - the +1 mace of the Stork {pain, rF+ rN+ Int+4}
   (You found it on level 3 of the Lair of Beasts)

   In the hands of one skilled in necromantic magic, it inflicts extra damage on
   living creatures.
   Int:       It affects your intelligence (+4).
   rF:        It protects you from fire.
   rN:        It protects you from negative energy.
 X - the +10 flail of Orphuohex {vamp, Will+ Str+2}
   (You found it on level 1 of the Elven Halls)

   It inflicts no extra harm, but heals its wielder when it wounds a living foe.
   Str:       It affects your strength (+2).
   Will:      It increases your willpower.
Armour
 l - a +2 cloak of cold resistance
 y - a scarf of resistance (worn)
 G - a +2 helmet (worn)
 L - a +2 pair of boots of stealth (worn)
 N - a scarf of repulsion
 O - the +0 pair of gloves of Eternal Night (worn) {Str+4 Dex+3}
   (You found it on level 11 of the Dungeon)

   Str:       It affects your strength (+4).
   Dex:       It affects your dexterity (+3).
 Y - a +3 kite shield (worn)
 Z - the +8 plate armour of the Nexus (worn) {Str+2}
   (You found it on level 4 of the Lair of Beasts)

   Str:       It affects your strength (+2).
Jewellery
 c - the amulet "Pehuysky" {RegenMP +Inv Int+4}
   (You found it on level 4 of the Vaults)

   [amulet of magic regeneration]

   It increases your rate of magic regeneration.Int: It affects your
   intelligence (+4).
   +Inv:      It lets you turn invisible.
 j - a +6 ring of strength
 k - a ring of protection from cold
 p - a ring of protection from cold
 v - a +4 ring of slaying
 A - a ring of see invisible (left hand)
 I - the ring of Vixawumu {MP+9 Dex+10}
   (You found it on level 4 of the Vaults)

   [ring of magical power]

   Dex:       It affects your dexterity (+10).
   MP:        It affects your magic capacity (+9).
 K - the ring of the Ancients (right hand) {+Blink rCorr AC+4 Dex+2}
   (You found it on level 14 of the Dungeon)

   [ring of protection]

   AC:        It affects your AC (+4).
   Dex:       It affects your dexterity (+2).
   +Blink:    It lets you blink.
   rCorr:     It protects you from acid and corrosion.
 M - a ring of poison resistance
 Q - an amulet of regeneration (around neck)
 T - a ring of protection from fire
Wands
 d - a wand of acid (37)
 g - a wand of charming (23)
 m - a wand of flame (76)
 B - a wand of digging (5)
 F - a wand of iceblast (47)
 H - a wand of paralysis (36)
 W - a wand of polymorph (24)
Scrolls
 f - 6 scrolls of blinking
 h - 4 scrolls of identify
 q - 4 scrolls of magic mapping
 s - 2 scrolls of silence
 t - 3 scrolls of fear
 D - 2 scrolls of summoning
 E - 18 scrolls of teleportation
 J - 3 scrolls of amnesia
Potions
 e - 6 potions of might
 i - 6 potions of flight
 o - 5 potions of brilliance
 r - 7 potions of berserk rage
 u - 8 potions of curing
 w - 2 potions of magic
 x - 5 potions of heal wounds
 z - 7 potions of haste
 C - a potion of invisibility
 P - a potion of cancellation
 R - 5 potions of resistance
 S - 5 potions of mutation
 V - 4 potions of lignification
Miscellaneous
 n - a phantom mirror


   Skills:
 * Level 21.0 Fighting
 - Level 17.8(18.0) Axes
 + Level 3.1(10.8) Maces & Flails
 + Level 3.0 Slings
 * Level 15.5 Armour
 + Level 4.9 Dodging
 + Level 4.9 Stealth
 + Level 14.9 Shields
 * Level 7.2 Spellcasting
 * Level 11.6 Necromancy
 * Level 19.8 Invocations
 * Level 8.6 Evocations


You had 26 spell levels left.
You knew the following spells:

 Your Spells              Type           Power      Damage    Failure   Level
a - Animate Skeleton      Necr           52%        N/A       1%          1
b - Pain                  Necr           100%       1d9       1%          1
c - Vampiric Draining     Necr           13%        2d7       2%          3
d - Animate Dead          Necr           13%        N/A       9%          4

Your spell library contained the following spells:

 Spells                   Type           Power      Damage    Failure   Level
 Corpse Rot               Necr/Air       N/A        N/A       14%         2
 Agony                    Necr           26%        N/A       22%         5
 Apportation              Tloc           6%         N/A       69%         1
 Beastly Appendage        Tmut           6%         N/A       69%         1
 Corona                   Hex            3%         N/A       69%         1
 Freeze                   Ice            12%        1d4       69%         1
 Magic Dart               Conj           12%        1d3       69%         1
 Sandblast                Erth           6%         2d5       69%         1
 Shock                    Conj/Air       12%        1d3       69%         1
 Summon Small Mammal      Summ           12%        N/A       69%         1
 Death Channel            Necr           13%        N/A       77%         6
 Blink                    Tloc           N/A        N/A       83%         2
 Call Imp                 Summ           3%         N/A       83%         2
 Ensorcelled Hibernation  Hex/Ice        6%         N/A       83%         2
 Passwall                 Tmut/Erth      2%         N/A       83%         2
 Searing Ray              Conj           6%         3d3       83%         2
 Slow                     Hex            3%         N/A       83%         2
 Static Discharge         Conj/Air       3%         N/A       83%         2
 Wereblood                Tmut           3%         N/A       83%         2
 Borgnjor's Vile Clutch   Necr/Erth      7%         N/A       94%         5
 Call Canine Familiar     Summ           3%         N/A       96%         3
 Conjure Flame            Conj/Fire      3%         6-21      96%         3
 Dazzling Flash           Conj/Hex       6%         N/A       96%         3
 Frozen Ramparts          Ice            6%         1d2       96%         3
 Gell's Gravitas          Tloc           1%         N/A       96%         3
 Lesser Beckoning         Tloc           1%         N/A       96%         3
 Mephitic Cloud           Conj/Pois/Air  3%         N/A       96%         3
 Ozocubu's Armour         Ice            3%         N/A       96%         3
 Portal Projectile        Hex/Tloc       6%         N/A       96%         3
 Spider Form              Tmut/Pois      1%         N/A       96%         3
 Stone Arrow              Conj/Erth      6%         3d7       96%         3
 Summon Guardian Golem    Hex/Summ       3%         N/A       96%         3
 Swiftness                Air            3%         N/A       96%         3
 Teleport Other           Tloc           3%         N/A       96%         3
 Airstrike                Air            1%         N/A       100%        4
 Animate Armour           Summ/Erth      6%         N/A       100%        4
 Cause Fear               Hex            1%         N/A       100%        4
 Fulminant Prism          Conj/Hex       1%         3d6       100%        4
 Hailstorm                Conj/Ice       3%         3d3       100%        4
 Ice Form                 Ice/Tmut       3%         N/A       100%        4
 Iskenderun's Mystic Bla  Conj/Tloc      3%         2d3       100%        4
 Leda's Liquefaction      Hex/Erth       1%         N/A       100%        4
 Passage of Golubria      Tloc           N/A        N/A       100%        4
 Petrify                  Tmut/Erth      3%         N/A       100%        4
 Sticky Flame             Conj/Fire      3%         2d3       100%        4
 Summon Ice Beast         Ice/Summ       3%         N/A       100%        4
 Summon Lightning Spire   Summ/Air       3%         N/A       100%        4
 Bolt of Magma            Conj/Fire/Erth 1%         4d4       100%        5
 Iskenderun's Battlesphe  Conj           3%         2d6       100%        5
 Lee's Rapid Deconstruct  Erth           1%         3d5*      100%        5
 Lightning Bolt           Conj/Air       1%         1d12      100%        5
 Manifold Assault         Tloc           3%         N/A       100%        5
 Metabolic Englaciation   Hex/Ice        1%         N/A       100%        5
 Silence                  Hex/Air        1%         N/A       100%        5
 Summon Forest            Summ/Tloc      1%         N/A       100%        5
 Yara's Violent Unravell  Hex/Tmut       1%         3d3       100%        5
 Conjure Ball Lightning   Conj/Air       1%         3x3d6     100%        6
 Dispersal                Tloc           1%         N/A       100%        6
 Eringya's Noxious Bog    Tmut/Pois      1%         N/A       100%        6
 Iron Shot                Conj/Erth      1%         9d1       100%        6
 Simulacrum               Ice/Necr       7%         N/A       100%        6
 Statue Form              Tmut/Erth      2%         N/A       100%        6
 Storm Form               Tmut/Air       1%         N/A       100%        7
 Summon Hydra             Summ           1%         N/A       100%        7
 Discord                  Hex            1%         N/A       100%        8
 Disjunction              Tloc           1%         N/A       100%        8
 Maxwell's Capacitive Co  Air            1%         ∞         100%        8
 Shatter                  Erth           1%         3d6*      100%        9


Dungeon Overview and Level Annotations

Branches:
Dungeon (15/15)            Temple (0/1) D:6            Lair (6/6) D:10
 Shoals (4/4) Lair:3        Snake (4/4) Lair:3        Slime (0/5) Lair:5
    Orc (2/2) D:10            Elf (3/3) Orc:2        Vaults (4/5) D:13
  Crypt (1/3) Vaults:3     Depths (0/5) D:15          IceCv (visited)
Desolation (visited)

Altars:
Hepliaklqana
Kikubaaqudgha
Nemelex Xobeh
Okawaru
Sif Muna
Trog
Uskayaw
Vehumet
Wu Jian
Yredelemnul
Beogh

Shops:
D:3 !   D:4 :   Orc:2 =*!*   Elf:1 (?!   Elf:2 !   Shoals:1 *   Shoals:2 **
Shoals:3 (   Snake:1 !   Snake:2 *(((!*   Snake:3 (   Snake:4 (*   Vaults:3 :

Portals:
Trove: Elf:3 (give horn of Geryon)

Annotations:
Snake:4 1 runed translucent door, tilp's ghost, adept BaSu
Elf:1 2 transporters, bmj180's ghost, adept DrCj
Elf:2 1 runed translucent door


Message History

The ghostly deep elf elementalist seems to speed up.
Something hits your bone dragon but does no damage.
Your bone dragon closely misses the deep elf death mage.
Your bone dragon claws the deep elf death mage but does no damage.
Your bone dragon tramples the deep elf death mage!
The deep elf death mage holds its ground!
Things that are here:
a +0 short sword; a +0 short sword; a +0 leather armour You draw life from your surroundings.
The monsters around you are drained of life!
The deep elf death mage is heavily wounded.
The deep elf annihilator is severely wounded.
The deep elf knight is moderately wounded.
You feel life flooding into your body.
You feel sick.
The deep elf death mage beckons forth a restless soul!
The ghostly deep elf elementalist hits your bone dragon with a +0 dagger.
You block the deep elf knight's attack.
The ghostly deep elf annihilator gestures at you while chanting.
You block the crystal spear.
The deep elf death mage hits your bone dragon but does no damage.
Something hits your bone dragon.
Your bone dragon bites the deep elf death mage.
Your bone dragon misses the deep elf death mage.
Your bone dragon tramples the deep elf death mage.
The deep elf death mage holds its ground!
You slice the ghostly deep elf annihilator!!
The ghostly deep elf annihilator is moderately damaged.
The deep elf knight blocks your attack.
You feel sick.
The ghostly deep elf elementalist hits your bone dragon but does no damage.
The deep elf knight casts a spell at you.
The shard of ice hits you! You partially resist.
* * * LOW HITPOINT WARNING * * *
The deep elf death mage hits your bone dragon with a +1 falchion of holy wrath.
Your bone dragon convulses.
The ghostly deep elf annihilator points at you and mumbles some strange words.
You block the iron shot.
The deep elf annihilator casts a spell at you.
The crystal spear hits you!!!
You die...
Your body rises from the dead as a mindless zombie. ..§eE.eeeeee1$. .eeeeeeeeeeeE§.

###D###
##.nD*.##
###.")....###
#....).)....#
#...........#
#......)....#
#...e..@Z...#
#......ee...#
#...........#
###.....).###
##.....##
###.### #.#
### ##### #.#
##Z# #.#.#
#Z##


You could see a deep elf annihilator (empowered, drained), a ghostly deep elf
annihilator (empowered, drained, ally target), a deep elf death mage (fast,
empowered), a ghostly deep elf elementalist (fast, empowered, repels missiles,
ally target), a deep elf knight, a lost soul (summoned), 2 friendly bone
dragons, a friendly ghoul and a friendly deep elf archer zombie.

Vanquished Creatures
  A bone dragon (Vaults:3)
  A deep elf blademaster (Elf:2)
  The ghost of Hasart the Unseen, an adept KoIE of Sif Muna (Shoals:4)
  A kraken (Shoals:4)
  A shadow dragon (Vaults:4)
  Kirke (D:15)
  2 nagarajas (Snake:4)
  An orc warlord (Vaults:4)
  2 ghost moths (Vaults:4)
  A fire giant (Vaults:4)
  6 vault wardens
  A deep elf elementalist (Elf:3)
  4 stone giants
  7 ironbound preservers
  4 very ugly things
  4 deep elf annihilators
  An entropy weaver (Vaults:3)
  Azrael (Orc:2)
  A dire elephant (Vaults:1)
  A deep elf death mage (Elf:3)
  2 blizzard demons (IceCv)
  7 merfolk impalers
  A fire dragon (D:13)
  A deep elf high priest (Elf:3)
  2 ironbound thunderhulks
  A rakshasa (D:15)
  16 vault guards
  7 yaktaur captains
  A servant of whispers (Desolation)
  3 boulder beetles
  6 hydras
  A catoblepas (Lair:6)
  8 naga warriors
  3 ogre magi
  6 ironbound frosthearts
  2 peacekeepers
  8 centaur warriors
  15 dancing weapons
  A merfolk avatar (Shoals:1)
  11 anacondas
  14 two-headed ogres
  6 death yaks (Lair:6)
  A deep troll shaman (Lair:6)
  4 ironbound beastmasters
  A deep troll earth mage (Vaults:4)
  A spriggan berserker (D:15)
  6 naga sharpshooters
  6 deep elf knights
  6 shock serpents
  A skeletal warrior (D:15)
  2 salamander mystics
  8 sea snakes
  28 deep trolls
  4 wizards
  12 lindwurms
  5 naga ritualists
  2 deep elf archers
  10 ironbound convokers
  A phantasmal warrior (Snake:4)
  A necromancer (D:15)
  7 harpies
  3 orc knights
  8 mana vipers
  13 deep elf pyromancers
  20 ugly things
  11 deep elf zephyrmancers
  2 fauns (Shoals:2)
  4 manticores
  9 salamanders
  3 cyclopes
  3 water nymphs
  27 black mambas
  7 merfolk sirens
  12 elephants
  6 guardian serpents
  9 naga magi
  A torpor snail (Lair:6)
  7 vault sentinels
  A gargoyle (D:11)
  22 cane toads
  3 rime drakes
  2 kobold demonologists
  A freezing wraith (IceCv)
  13 yaktaurs
  3 anaconda simulacra (IceCv)
  9 komodo dragons
  2 golden dragon simulacra (IceCv)
  3 ice devils (IceCv)
  17 merfolk
  3 wind drakes (Shoals:2)
  A polar bear (Lair:5)
  3 trolls
  Grinder (D:3)
  A hornet (D:9)
  Prince Ribbit (D:6)
  A saltling (Desolation)
  A blink frog (shapeshifter) (D:13)
  An ettin zombie (D:15)
  2 dream sheep (Lair:4)
  17 blink frogs
  18 slime creatures
  3 snapping turtles
  A flying skull (Orc:2)
  55 yaks
  2 redbacks (Vaults:3)
  A shadow (D:10)
  A vampire (D:9)
  A tarantella (shapeshifter) (D:15)
  4 wyverns
  Sigmund (D:6)
  4 wraiths
  6 water elementals
  A wyvern (shapeshifter) (D:13)
  A spectral naga (Snake:4)
  The ghost of Xtruder99 the Shield-Bearer, an amateur GnFi (D:3)
  A tarantella (Vaults:3)
  2 dire elephant simulacra (IceCv)
  3 hogs (D:15)
  A hog (shapeshifter) (Elf:3)
  4 basilisks
  5 vampire mosquitoes
  A harpy simulacrum (IceCv)
  2 wargs
  40 nagas
  2 iron troll simulacra (IceCv)
  3 acid dragons
  A hydra simulacrum (IceCv)
  3 hell hounds
  14 orc warriors
  21 water moccasins
  A sky beast (D:6)
  2 ice beasts
  An alligator simulacrum (IceCv)
  A black bear (Lair:6)
  14 ogres
  9 centaurs
  5 wolves
  2 necrophages (D:7)
  6 bullfrogs
  8 kobold brigands
  4 earth elementals
  A gnoll sergeant (D:8)
  A wyvern zombie (D:6)
  A scorpion (D:4)
  2 wyvern skeletons
  3 elephant simulacra (IceCv)
  5 killer bees (D:8)
  A wight (D:11)
  4 howler monkeys
  3 centaur zombies
  4 hounds
  3 draconian simulacra (IceCv)
  2 jellies (Lair:5)
  4 orc priests
  A bullfrog skeleton (D:6)
  A gnoll shaman (D:8)
  5 iguanas
  22 orc wizards
  2 polar bear simulacra (IceCv)
  A spriggan simulacrum (IceCv)
  2 troll simulacra (IceCv)
  A killer bee zombie (D:8)
  2 centaur simulacra (IceCv)
  2 hound zombies
  3 howler monkey zombies
  17 gnolls
  4 naga simulacra (IceCv)
  8 adders
  2 ogre simulacra (IceCv)
  A shadow imp (D:7)
  8 white imps
  4 ufetubi
  An adder zombie (D:3)
  2 yak zombies (D:11)
  An adder skeleton (D:4)
  3 dart slugs
  2 worms
  26 orcs
  5 ball pythons
  A bat (D:2)
  5 endoplasms
  4 giant cockroaches
  5 hobgoblins
  2 jackals (D:1)
  A quokka (D:2)
  A basilisk zombie (D:10)
  2 frilled lizards
  10 goblins
  22 kobolds
  4 rats
  5 pillars of salt (Vaults:2)
  2 tentacles (Shoals:4)
1003 creatures vanquished.

Vanquished Creatures (collateral kills)
  Saint Roka (Orc:2)
  Rupert (D:15)
  Jorgrun (Elf:1)
  A deep elf master archer (Elf:3)
  3 deep elf blademasters (Elf:3)
  A shadow dragon (Vaults:4)
  2 sphinxes
  A tengu reaver (Vaults:3)
  Roxanne (D:15)
  A nagaraja (Snake:4)
  3 frost giants
  13 vault wardens
  A deep elf elementalist (Elf:3)
  7 ironbound preservers
  The ghost of Brandom the Brawler, a journeyman TrDe of Wu Jian (D:13)
  2 war gargoyles (Vaults:1)
  2 very ugly things (Vaults:1)
  2 deep elf demonologists (Elf:3)
  5 deep elf annihilators
  5 merfolk javelineers
  9 merfolk impalers
  A deep elf death mage (Elf:1)
  A deep elf high priest (Elf:3)
  6 naga warriors
  3 boulder beetles
  8 vault guards
  A great orb of eyes (Vaults:1)
  2 ironbound thunderhulks
  A salamander tyrant (Snake:4)
  3 hydras
  3 anacondas (Snake:4)
  4 merfolk aquamancers
  2 ogre magi
  5 yaktaur captains
  2 catoblepae
  3 centaur warriors (Vaults:3)
  A merfolk avatar (Shoals:4)
  11 dancing weapons
  2 ironbound frosthearts
  12 two-headed ogres
  2 satyrs (Shoals:4)
  2 death yaks (Lair:6)
  A vampire mage (D:15)
  4 ironbound beastmasters
  2 shock serpents
  An orc high priest (Orc:2)
  7 deep elf knights
  3 naga sharpshooters
  4 spriggan berserkers (D:15)
  A hell knight (Vaults:4)
  3 salamander mystics (Snake:4)
  A skeletal warrior (D:15)
  A spark wasp zombie (D:15)
  A fire crab (shapeshifter) (Vaults:4)
  15 deep trolls
  3 sea snakes (Shoals:4)
  A glowing orange brain (Vaults:4)
  9 deep elf archers
  5 wizards
  A phantasmal warrior (D:13)
  5 naga ritualists
  4 lindwurms
  9 deep elf pyromancers
  11 harpies
  5 mana vipers
  An orc sorcerer (Orc:2)
  7 deep elf zephyrmancers
  8 ironbound convokers
  12 fauns
  13 ugly things
  A stone giant zombie (D:15)
  2 oklob plants (Lair:3)
  3 cyclopes (D:15)
  13 manticores
  8 vault sentinels
  7 salamanders
  A centaur zombie (D:11)
  12 merfolk sirens
  8 elephants
  11 black mambas
  6 guardian serpents
  An ice statue (IceCv)
  2 naga magi (Snake:4)
  A molten gargoyle (Vaults:2)
  2 water nymphs
  A torpor snail (Lair:4)
  An ice devil (IceCv)
  11 yaktaurs
  3 komodo dragons
  An unseen horror (shapeshifter) (Elf:2)
  A freezing wraith (D:13)
  A golden dragon simulacrum (IceCv)
  23 merfolk
  A meliai (shapeshifter) (Vaults:4)
  A polar bear (Lair:5)
  4 trolls
  10 slime creatures
  2 wind drakes
  A spriggan zombie (D:15)
  A dream sheep (Lair:4)
  A blink frog (Lair:2)
  7 snapping turtles
  A blink frog (shapeshifter) (D:15)
  A vampire (D:12)
  2 air elementals
  A dire elephant simulacrum (IceCv)
  4 water elementals
  A hog (D:15)
  3 fire elementals
  9 yaks
  A basilisk (Lair:4)
  7 vampire mosquitoes
  2 wargs
  An acid dragon (D:12)
  A hydra simulacrum (IceCv)
  13 nagas
  3 hell hounds
  A water moccasin (Lair:4)
  A meliai simulacrum (D:14)
  11 orc warriors
  A sky beast (D:6)
  An ettin simulacrum (IceCv)
  A swamp drake (Lair:4)
  A black bear (D:6)
  14 ogres
  An alligator simulacrum (IceCv)
  2 centaurs
  A wolf (Lair:6)
  A gnoll sergeant (D:11)
  2 bullfrogs
  2 earth elementals
  A scorpion (D:4)
  A killer bee (D:8)
  A howler monkey (D:14)
  A draconian simulacrum (IceCv)
  A jelly (Lair:5)
  3 orc priests
  7 orc wizards
  A centaur simulacrum (IceCv)
  3 gnolls (D:4)
  An ufetubus (IceCv)
  A yaktaur zombie (Vaults:4)
  22 orcs
  2 kobolds (D:10)
  A ball python (D:4)
  3 bushes
  2 butterflies
  5 pillars of salt (Vaults:2)
  2 tentacles (Shoals:4)
  A withered plant (D:15)
573 creatures vanquished.

Vanquished Creatures (others)
  2 profane servitors
  A bone dragon (Elf:3)
  4 ghouls
  4 vampire knights
  2 spectral salamanders (Snake:4)
  A spectral guardian serpent (Elf:3)
  A merfolk aquamancer (Shoals:4)
  A spectral human (Vaults:3)
  A deep troll earth mage (Vaults:4)
  A deep elf knight (Elf:1)
  7 skeletal warriors
  5 flayed ghosts
  6 phantasmal warriors
  A harpy (Shoals:4)
  A deep elf pyromancer (Elf:1)
  A spectral ogre (Orc:2)
  2 spectral merfolk
  A merfolk (Shoals:4)
  A snapping turtle (Shoals:4)
  3 flying skulls
  4 vampires
  A wraith (Orc:2)
  2 spectral nagas (Snake:4)
  A spectral troll (Orc:2)
  A tengu zombie (Vaults:3)
  5 ugly thing zombies
  3 wights
  4 anaconda zombies
  An anaconda skeleton (Snake:4)
  3 shock serpent zombies
  A dire elephant zombie (Vaults:1)
  6 sea snake zombies
  2 naga skeletons (Snake:4)
  8 black mamba zombies
  2 hydra zombies (Lair:4)
  A satyr zombie (Shoals:4)
  10 human zombies
  2 guardian serpent zombies
  2 guardian serpent skeletons (Snake:4)
  A mummy (Lair:1)
  2 wind drake zombies (Shoals:2)
  5 cane toad zombies
  3 elf zombies
  A faun zombie (Shoals:3)
  4 manticore zombies
  4 deep troll zombies
  A lindwurm zombie (Snake:4)
  14 merfolk zombies (Shoals:4)
  7 two-headed ogre zombies
  A water nymph zombie (Shoals:4)
  8 harpy zombies
  A snapping turtle zombie (Shoals:4)
  3 white imps (IceCv)
  An ufetubus (IceCv)
  6 blink frog zombies
  3 bullfrog zombies
  A hell hound zombie (Orc:2)
  3 wyvern zombies
  2 dream sheep zombies (Lair:4)
  5 elephant zombies
  4 komodo dragon zombies
  4 salamander zombies
  A troll skeleton (Orc:2)
  A warg zombie (Orc:2)
  9 water moccasin zombies
  15 yak zombies
  5 yaktaur zombies
  A human skeleton (Lair:6)
  3 rime drake zombies
  A yak skeleton (Lair:5)
  19 naga zombies
  An adder zombie (D:6)
  A ball python zombie (D:4)
  3 centaur zombies
  4 dwarf skeletons (Lair:6)
  5 gnoll zombies
  A goblin zombie (D:4)
  A howler monkey zombie (D:5)
  4 kobold zombies
  8 ogre zombies
  2 orc skeletons (Lair:6)
  25 orc zombies
  A polar bear zombie (Lair:5)
  A vampire mosquito zombie (D:10)
  3 wolf zombies (Lair:6)
  A worm zombie (D:5)
  A bush (D:10)
  65 fungi
  3 pillars of salt (Vaults:2)
  258 plants
  9 tentacles (Shoals:4)
  4 withered plants (D:15)
645 creatures vanquished.

Grand Total: 2221 creatures vanquished

Notes
Turn   | Place    | Note
-------+----------+-------------------------------------------
     0 | D:1      | Arzdou the Hill Orc Fighter began the quest for the Orb.
     0 | D:1      | Reached XP level 1. HP: 19/19 MP: 1/1
   297 | D:1      | Reached XP level 2. HP: 27/27 MP: 2/2
   810 | D:2      | Reached skill level 4 in Fighting
  1025 | D:2      | Reached XP level 3. HP: 25/33 MP: 3/3
  1276 | D:2      | Learned a level 1 spell: Animate Skeleton
  1278 | D:2      | Learned a level 1 spell: Pain
  2160 | D:3      | Reached XP level 4. HP: 16/40 MP: 4/4
  2380 | D:3      | Found a runed translucent gate.
  2380 | D:3      | Found a runed translucent gate.
  2380 | D:3      | Noticed Xtruder99's ghost (amateur GnFi)
  2382 | D:3      | Found a runed translucent gate.
  2409 | D:3      | Reached skill level 1 in Necromancy
  2530 | D:3      | Found a basalt altar of Yredelemnul.
  2544 | D:3      | Became a worshipper of Yredelemnul the Dark
  2582 | D:3      | Reached XP level 5. HP: 46/46 MP: 4/6
  2659 | D:3      | Found Yrroyg's Distillery.
  2664 | D:3      | Noticed Grinder
  2669 | D:3      | Paralysed by Grinder for 3 turns
  2688 | D:3      | Killed Grinder
  2689 | D:3      | Reached skill level 5 in Axes
  2689 | D:3      | Reached skill level 1 in Spellcasting
  2689 | D:3      | Reached XP level 6. HP: 31/53 MP: 6/8
  2955 | D:3      | Reached skill level 1 in Slings
  2955 | D:3      | Reached skill level 1 in Dodging
  3843 | D:3      | Reached XP level 7. HP: 34/60 MP: 9/9
  4737 | D:3      | Killed Xtruder99's ghost
  4738 | D:3      | Reached skill level 1 in Invocations
  4931 | D:4      | Identified the +4 ring mail of Pride {-Tele rN+ Regen+
                  | Int+7}
  5061 | D:4      | Reached * piety under Yredelemnul
  5236 | D:4      | Found Ypsufi's Book Emporium.
  5440 | D:4      | Reached XP level 8. HP: 50/67 MP: 11/11
  5618 | D:5      | Entered Level 5 of the Dungeon
  5678 | D:5      | Reached skill level 5 in Fighting
  5863 | D:5      | Found a radiant altar of Vehumet.
  5881 | D:5      | Found an ancient bone altar of Kikubaaqudgha.
  5895 | D:5      | Got Kikubaaqudgha's Guide on Sinister Rites
  5913 | D:5      | Found a shimmering blue altar of Sif Muna.
  6212 | D:5      | You fall into a shaft and drop 1 floor!
  6280 | D:6      | Reached ** piety under Yredelemnul
  6357 | D:6      | Noticed Prince Ribbit
  6374 | D:6      | Killed Prince Ribbit
  6375 | D:6      | Reached XP level 9. HP: 60/75 MP: 13/13
  6481 | D:6      | Reached skill level 5 in Armour
  6622 | D:6      | Noticed Sigmund
  6630 | D:6      | Killed Sigmund
  6631 | D:6      | Reached skill level 5 in Necromancy
  6876 | D:6      | Found a staircase to the Ecumenical Temple.
  6987 | D:6      | Reached skill level 5 in Invocations
  7096 | D:6      | Learned a level 3 spell: Vampiric Draining
  7101 | D:6      | Learned a level 4 spell: Animate Dead
  7153 | D:7      | Reached skill level 6 in Fighting
  7217 | D:7      | Reached skill level 5 in Shields
  8149 | D:8      | Reached skill level 7 in Fighting
  8161 | D:8      | Reached XP level 10. HP: 70/86 MP: 14/14
  8506 | D:8      | Reached *** piety under Yredelemnul
  8592 | D:8      | Found a bloodstained altar of Trog.
  8920 | D:9      | Found an ornate altar of the Wu Jian Council.
  9126 | D:9      | Reached skill level 8 in Fighting
  9139 | D:9      | Noticed a kobold demonologist
  9168 | D:9      | Killed a kobold demonologist
  9500 | D:9      | Found a sparkling altar of Nemelex Xobeh.
  9533 | D:9      | Found the +10 Black Knight's barding {ponderous, rPois rN+}
  9966 | D:10     | Entered Level 10 of the Dungeon
 10005 | D:10     | Found a staircase to the Orcish Mines.
 10185 | D:10     | Reached skill level 9 in Fighting
 10224 | D:10     | Reached skill level 10 in Axes
 10231 | D:10     | Reached XP level 11. HP: 86/97 MP: 16/16
 10271 | D:10     | Found a staircase to the Lair.
 10364 | D:10     | Noticed a two-headed ogre
 10395 | D:10     | Killed a two-headed ogre
 10544 | D:10     | Identified the +0 robe "Weimeoj" {Rampage rF- rN+ Int+4}
 10550 | D:10     | Noticed a two-headed ogre
 10559 | D:10     | Killed a two-headed ogre
 10749 | D:10     | Reached skill level 10 in Fighting
 10804 | D:10     | Reached **** piety under Yredelemnul
 11061 | D:10     | Identified the +1 leather armour "Ycoar" {rCorr}
 11276 | D:11     | Noticed a two-headed ogre
 11291 | D:11     | Killed a two-headed ogre
 11374 | D:11     | Noticed a two-headed ogre
 11396 | D:11     | Killed a two-headed ogre
 11533 | D:11     | Reached XP level 12. HP: 108/108 MP: 19/19
 11535 | D:11     | Received a gift from Yredelemnul (a wight)
 11552 | D:11     | Identified the +0 pair of gloves of Eternal Night {Str+4
                  | Dex+3}
 11568 | D:11     | Noticed a two-headed ogre
 11582 | D:11     | Killed a two-headed ogre
 12033 | Lair:1   | Entered Level 1 of the Lair of Beasts
 12117 | Lair:1   | Reached skill level 11 in Fighting
 12131 | Lair:1   | Received a gift from Yredelemnul (a mummy)
 12699 | Lair:1   | Reached skill level 10 in Invocations
 13739 | Lair:2   | Reached skill level 1 in Stealth
 13831 | Lair:2   | Reached skill level 12 in Fighting
 14113 | Lair:3   | Identified the +1 scale mail "Xinelet" {rC+ Dex+2 Stlth+}
 14208 | Lair:3   | Noticed a boulder beetle
 14232 | Lair:3   | Killed a boulder beetle
 14233 | Lair:3   | Reached XP level 13. HP: 104/118 MP: 20/20
 14245 | Lair:3   | Received a gift from Yredelemnul (a wight)
 14535 | Lair:3   | Identified the +1 mace of the Stork {pain, rF+ rN+ Int+4}
 14920 | Lair:3   | Found a staircase to the Snake Pit.
 14962 | Lair:3   | Found a staircase to the Shoals.
 15307 | Lair:4   | Reached skill level 1 in Maces & Flails
 15371 | Lair:4   | Reached ***** piety under Yredelemnul
 15649 | Lair:4   | Received a gift from Yredelemnul (a wight)
 15951 | Lair:4   | Found the +8 whip "Snakebite" {curare, rPois}
 16742 | Lair:4   | Identified the +8 plate armour of the Nexus {Str+2}
 17074 | Lair:5   | Found an ornate altar of the Wu Jian Council.
 17074 | Lair:5   | Found a hide-covered altar of Uskayaw.
 17111 | Lair:4   | Reached skill level 13 in Fighting
 17916 | Lair:5   | Reached XP level 14. HP: 97/129 MP: 23/23
 17927 | Lair:5   | Identified the +7 ring mail of the Depths {Int+3}
 18275 | Lair:5   | Found a staircase to the Slime Pits.
 18622 | Lair:6   | Entered Level 6 of the Lair of Beasts
 19041 | Lair:6   | Received a gift from Yredelemnul (2 flying skulls)
 19158 | Lair:6   | Reached skill level 14 in Fighting
 20532 | Orc:1    | Entered Level 1 of the Orcish Mines
 20719 | Orc:1    | Received a gift from Yredelemnul (2 flying skulls)
 21145 | Orc:2    | Entered Level 2 of the Orcish Mines
 21158 | Orc:2    | Received a gift from Yredelemnul (a wight)
 21189 | Orc:2    | Found a radiant altar of Vehumet.
 21212 | Orc:2    | Noticed Azrael
 21228 | Orc:1    | Reached ****** piety under Yredelemnul
 21229 | Orc:1    | Reached skill level 15 in Axes
 21415 | Orc:2    | Received a gift from Yredelemnul (a wraith)
 21430 | Orc:2    | Killed Azrael
 21713 | Orc:2    | Found a staircase to the Elven Halls.
 21932 | Orc:1    | Reached XP level 15. HP: 118/139 MP: 25/25
 21933 | Orc:1    | Reached skill level 10 in Shields
 22166 | Orc:2    | Received a gift from Yredelemnul (a skeletal warrior)
 22181 | Orc:2    | Found Xusofick's General Store.
 22181 | Orc:2    | Found Fueqyree's Assorted Antiques.
 22218 | Orc:2    | Found Pitrogor's Distillery.
 22218 | Orc:2    | Found Quloraghe's Antique Weapon Emporium.
 22257 | Orc:2    | Paralysed by an ogre mage for 2 turns
 22261 | Orc:2    | Received a gift from Yredelemnul (a skeletal warrior)
 22277 | Orc:2    | Bought a potion of berserk rage for 80 gold pieces
 22277 | Orc:2    | Bought a potion of berserk rage for 80 gold pieces
 22277 | Orc:2    | Bought a potion of berserk rage for 80 gold pieces
 22280 | Orc:2    | Bought a scroll of acquirement for 728 gold pieces
 22280 | Orc:2    | Acquired a scarf of resistance
 22437 | Orc:2    | Found Heon's Jewellery Shop.
 22442 | Orc:2    | Received a gift from Yredelemnul (a skeletal warrior)
 22460 | Orc:2    | Noticed Saint Roka
 22476 | Orc:2    | Killed Saint Roka
 22477 | Orc:2    | Reached skill level 15 in Fighting
 22669 | Orc:2    | Bought a ring of see invisible for 240 gold pieces
 22808 | Orc:2    | Found an iron altar of Okawaru.
 22848 | Orc:2    | Found a roughly hewn altar of Beogh.
 23409 | Orc:2    | Received a gift from Yredelemnul (a phantasmal warrior)
 23867 | Elf:1    | Entered Level 1 of the Elven Halls
 24107 | Snake:1  | Entered Level 1 of the Snake Pit
 24204 | Snake:1  | Received a gift from Yredelemnul (a skeletal warrior)
 24347 | Snake:1  | Found Nonkil's Distillery.
 25237 | Snake:2  | Found Goihu's Assorted Antiques.
 25330 | Snake:2  | Found Geomotud's Antique Weapon Boutique.
 26383 | Snake:2  | Found Hain's Weapon Shoppe.
 26399 | Snake:2  | Found Uhosh's Distillery.
 26410 | Snake:2  | Received a gift from Yredelemnul (a flayed ghost)
 26423 | Snake:2  | Bought a potion of heal wounds for 55 gold pieces
 26423 | Snake:2  | Bought a potion of might for 44 gold pieces
 26423 | Snake:2  | Bought 2 potions of might for 88 gold pieces
 26423 | Snake:2  | Bought a potion of might for 44 gold pieces
 26423 | Snake:2  | Bought a potion of curing for 33 gold pieces
 26423 | Snake:2  | Bought a potion of haste for 110 gold pieces
 26423 | Snake:2  | Bought a potion of heal wounds for 55 gold pieces
 26423 | Snake:2  | Bought a potion of heal wounds for 55 gold pieces
 26423 | Snake:2  | Bought a potion of mutation for 88 gold pieces
 26423 | Snake:2  | Bought a potion of berserk rage for 55 gold pieces
 26510 | Snake:2  | Found Jiarphept's Antique Weapon Emporium.
 26523 | Snake:2  | Found Baewoekh's General Store.
 26534 | Snake:2  | Bought a scroll of teleportation for 30 gold pieces
 27210 | Snake:3  | Found Mischut's Firing Range.
 27218 | Snake:3  | Reached XP level 16. HP: 133/150 MP: 26/26
 27296 | Snake:3  | Reached skill level 10 in Armour
 28094 | Snake:3  | Reached skill level 16 in Fighting
 28290 | Snake:3  | Received a gift from Yredelemnul (a ghoul)
 28639 | Snake:4  | Entered Level 4 of the Snake Pit
 28651 | Snake:4  | Found Ziruwn's Antique Weapon Shoppe.
 28810 | Snake:4  | Noticed a nagaraja
 28825 | Snake:4  | Killed a nagaraja
 29241 | Snake:4  | Reached skill level 15 in Invocations
 29581 | Snake:4  | Found a runed translucent door.
 29837 | Snake:4  | Found Tuiriemaud's General Store.
 30375 | Snake:4  | Received a gift from Yredelemnul (a skeletal warrior)
 30422 | Snake:4  | Noticed a nagaraja
 30451 | Snake:4  | Killed a nagaraja
 30845 | Snake:4  | Noticed a nagaraja
 30856 | Snake:4  | Killed a nagaraja
 30856 | Snake:4  | Enslaved a nagaraja
 30864 | Snake:4  | Noticed a nagaraja
 30875 | Snake:4  | Killed a nagaraja
 30880 | Snake:4  | Received a gift from Yredelemnul (a ghoul)
 31305 | Snake:4  | Reached XP level 17. HP: 127/160 MP: 28/28
 32193 | Snake:4  | Noticed tilp's ghost (adept BaSu)
 32411 | Snake:4  | Reached skill level 17 in Fighting
 32942 | Snake:4  | Got a serpentine rune of Zot
 33128 | Shoals:1 | Entered Level 1 of the Shoals
 33299 | Shoals:1 | Received a gift from Yredelemnul (a ghoul)
 33640 | Shoals:1 | You fall into a shaft and drop 1 floor!
 33905 | Shoals:2 | Received a gift from Yredelemnul (a flayed ghost)
 33940 | Shoals:2 | Reached skill level 1 in Evocations
 34673 | Shoals:1 | Received a gift from Yredelemnul (a profane servitor)
 35072 | Shoals:1 | Found Topachet's Island Escapes.
 35528 | Shoals:2 | Found Fosasi's Specific Store.
 35532 | Shoals:2 | Found Coletydi's General Store.
 36349 | Shoals:3 | Found Yshecez's Weapon Boutique.
 36399 | Shoals:3 | Received a gift from Yredelemnul (a vampire)
 36905 | Shoals:3 | Received a gift from Yredelemnul (a vampire knight)
 37189 | Shoals:4 | Entered Level 4 of the Shoals
 37189 | Shoals:4 | Noticed a kraken
 37218 | Shoals:4 | Killed a kraken
 37218 | Shoals:4 | Received a gift from Yredelemnul (a phantasmal warrior)
 37348 | Shoals:4 | Found a runed translucent gate.
 37348 | Shoals:4 | Found a runed translucent gate.
 37352 | Shoals:4 | Noticed Hasart's ghost (adept KoIE)
 37355 | Shoals:4 | Found a runed translucent gate.
 37380 | Shoals:4 | Reached XP level 18. HP: 134/170 MP: 30/30
 37877 | Shoals:4 | Received a gift from Yredelemnul (a profane servitor)
 37976 | Shoals:4 | Got a barnacled rune of Zot
 38925 | Shoals:4 | Received a gift from Yredelemnul (a vampire knight)
 39260 | Shoals:4 | Killed Hasart's ghost
 39329 | Shoals:4 | Identified the +2 hat of Yzoreis {Dex+3}
 40116 | D:12     | Received a gift from Yredelemnul (a vampire)
 40972 | D:13     | Found a runed translucent gate.
 40972 | D:13     | Found a runed translucent gate.
 40972 | D:13     | Found a runed translucent gate.
 40980 | D:13     | Noticed Brandom's ghost (journeyman TrDe)
 40996 | D:13     | Killed Brandom's ghost
 41175 | D:13     | Reached skill level 18 in Fighting
 41489 | D:13     | Received a gift from Yredelemnul (a ghoul)
 41499 | D:13     | Found a gate to the Vaults.
 42056 | D:14     | Noticed Louise
 42069 | D:14     | Killed Louise
 42069 | D:14     | Enslaved Louise
 42268 | D:14     | Received a gift from Yredelemnul (a bone dragon)
 42569 | D:14     | Acquired 785 gold pieces
 42670 | D:14     | Identified the ring of the Ancients {+Blink rCorr AC+4
                  | Dex+2}
 42816 | D:14     | Found a faded altar of an unknown god.
 42816 | D:14     | Found a hazy altar of Hepliaklqana.
 42817 | D:14     | Found a faded altar of an unknown god.
 42819 | D:14     | Found a faded altar of an unknown god.
 42942 | D:15     | Entered Level 15 of the Dungeon
 42947 | D:15     | Paralysed by something for 2 turns
 42981 | D:15     | Noticed Roxanne
 42987 | D:15     | Found a staircase to the Depths.
 42995 | D:15     | Received a gift from Yredelemnul (a skeletal warrior)
 43029 | D:15     | Killed Roxanne
 43248 | D:15     | Noticed Rupert
 43258 | D:15     | Killed Rupert
 43362 | D:15     | Found the +8 Wrath of Trog {antimagic, *Rage}
 43626 | D:15     | Noticed Kirke
 43636 | D:15     | Killed Kirke
 44308 | Vaults:1 | Entered Level 1 of the Vaults
 44320 | Vaults:1 | Received a gift from Yredelemnul (a flayed ghost)
 44442 | Vaults:1 | Reached XP level 19. HP: 180/180 MP: 31/31
 44461 | Vaults:1 | Acquired the +2 executioner's axe of the Scorching Jester
                  | {vamp, rElec}
 44606 | Vaults:1 | Received a gift from Yredelemnul (a vampire)
 44609 | Vaults:1 | Reached skill level 5 in Evocations
 44616 | Vaults:1 | Received a gift from Yredelemnul (a vampire)
 44625 | Vaults:1 | Reached skill level 5 in Spellcasting
 45156 | Vaults:1 | Received a gift from Yredelemnul (a phantasmal warrior)
 45157 | Vaults:1 | Reached skill level 10 in Necromancy
 46173 | Vaults:2 | Reached skill level 19 in Fighting
 46591 | Vaults:2 | Found a ruined gateway.
 46610 | Desolati | Entered the Desolation of Salt
 47657 | Vaults:2 | Received a gift from Yredelemnul (a phantasmal warrior)
 47964 | Vaults:3 | Reached XP level 20. HP: 164/191 MP: 33/33
 47973 | Vaults:3 | Your ally Louise died
 47974 | Vaults:3 | Received a gift from Yredelemnul (a phantasmal warrior)
 48450 | Vaults:3 | Received a gift from Yredelemnul (a bone dragon)
 48508 | Vaults:3 | Found Fimoxaoc's Book Shoppe.
 48808 | Vaults:3 | Found a staircase to the Crypt.
 48816 | Vaults:3 | Noticed a bone dragon
 48827 | Vaults:3 | Killed a bone dragon
 49664 | Crypt:1  | Entered Level 1 of the Crypt
 49797 | Vaults:4 | Identified the amulet "Pehuysky" {RegenMP +Inv Int+4}
 50471 | Vaults:4 | Received a gift from Yredelemnul (a ghoul)
 50477 | Vaults:4 | Reached skill level 20 in Fighting
 50582 | Vaults:4 | Received a gift from Yredelemnul (a phantasmal warrior)
 50764 | Vaults:4 | Received a gift from Yredelemnul (a flayed ghost)
 50885 | Vaults:4 | Reached XP level 21. HP: 201/201 MP: 34/34
 51555 | Vaults:4 | Identified the ring of Vixawumu {MP+9 Dex+10}
 51568 | Vaults:4 | Identified the +7 trident of the Heavens {speed, rF+++
                  | Will+ Int-5 Stlth+}
 51587 | Vaults:4 | Got the Catalogue of Icy Creation
 53625 | Elf:1    | Reached skill level 15 in Armour
 53641 | Elf:1    | Got the Volume of Attacks
 53781 | Elf:1    | Received a gift from Yredelemnul (a skeletal warrior)
 53811 | Elf:1    | Upgraded the game from 0.27-a0-1378-gdefffd1ff6 to
                  | 0.27-a0-1384-g1422d76b99
 53952 | Elf:1    | Identified the +10 flail of Orphuohex {vamp, Will+ Str+2}
 53964 | Elf:1    | Identified the +7 longbow of Sequestration {speed, rF+
                  | Int+4}
 53964 | Elf:1    | Noticed bmj180's ghost (adept DrCj)
 53967 | Elf:1    | Found a bloodstained altar of Trog.
 53968 | Elf:1    | Found a transporter.
 53986 | Elf:1    | Found a transporter.
 54074 | Elf:1    | Found Uberuiw's Distillery.
 54076 | Elf:1    | Found Liopil's Magic Scroll Emporium.
 54077 | Elf:1    | Noticed Jorgrun
 54078 | Elf:1    | Found Loytip's Antique Weapon Shoppe.
 54085 | Elf:1    | Killed Jorgrun
 54086 | Elf:1    | Received a gift from Yredelemnul (a bone dragon)
 54127 | Elf:1    | Bought a scroll of enchant weapon for 142 gold pieces
 54127 | Elf:1    | Bought a scroll of enchant weapon for 142 gold pieces
 54127 | Elf:1    | Bought a scroll of enchant weapon for 142 gold pieces
 54556 | Elf:2    | Received a gift from Yredelemnul (a flayed ghost)
 54625 | Elf:2    | Found a frozen archway.
 54681 | IceCv    | Entered an ice cave
 54793 | IceCv    | Received a gift from Yredelemnul (a vampire knight)
 54918 | IceCv    | Received a gift from Yredelemnul (a vampire knight)
 55344 | Elf:2    | Found a runed translucent door.
 55372 | Elf:2    | Found a runed translucent door.
 55408 | Elf:2    | Noticed Aizul
 55409 | Elf:2    | Found Ewoz's Distillery.
 55414 | Elf:2    | Paralysed by an air elemental for 1 turns
 55415 | Elf:2    | Killed Aizul
 55415 | Elf:2    | Enslaved Aizul
 56305 | Elf:3    | Entered Level 3 of the Elven Halls
 56305 | Elf:3    | Found a portal to a secret trove of treasure.
 56321 | Elf:3    | Reached skill level 21 in Fighting
 56421 | Elf:3    | Received a gift from Yredelemnul (a phantasmal warrior)
 56430 | Elf:3    | Reached XP level 22. HP: 165/213 MP: 28/35
 56449 | Elf:3    | Identified the ring "Byuwacke" {AC+4 Slay+2}
 56464 | Elf:3    | Your ally Aizul died
 56474 | Elf:3    | Killed from afar by a deep elf annihilator

Illustrated notes

Levels and vault maps discovered:
D:1:      lemuel_arrival_broad_hall, layout_rooms
D:2:      layout_basic, minmay_small_reverse_x
D:3:      cheibrodos_thug_alley, layout_basic, nicolae_yredelemnul_ghost_church,
          serial_shops, shop, minmay_misc_feat_doors, uniq_grinder
D:4:      layout_cave_pools, serial_shops, nicolae_shop_crystal,
          grunt_ministairs_9
D:5:      black_bear_nest_2, layout_rooms, palyth_temple_overflow_mages
D:6:      layout_gridville, minmay_temple_entry_glassed_door, uniq_sigmund,
          uniq_prince_ribbit1
D:7:      layout_basic, serial_glass, glass_columns_b, glass_columns_c
D:8:      layout_loops_ring, lemuel_tele_altar
D:9:      layout_basic, nemelex_diamond_rough_becter, overflow_temple_1_default,
          billiards_dpeg
D:10:     layout_loops_cross, minmay_lair_entry_grove, orc_0_dummy,
          item_on_display_a
D:11:     layout_roguey
D:12:     layout_stronghold
D:13:     layout_basic, david_vaults_4, gammafunk_ghost_spectres
D:14:     layout_loops_ring, nicolae_hepliaklqana_ecumenical_no_more,
          uniq_louise
D:15:     gammafunk_depths_entry_grave, layout_rooms, roderic_st_hans_cross,
          minivault_19, minmay_guarded_unrand_wrath_of_trog, uniq_rupert,
          uniq_kirke, uniq_roxanne
Lair:1:   layout_regular_city, beast_lair_carwin_7, grunt_megastairs_3,
          lemuel_fruit_fields
Lair:2:   layout_chaotic_city
Lair:3:   layout_regular_city, minmay_shoals_entry_lonely_mermaid,
          guppyfry_snake_entry_garden, minmay_lair_oklob_chamber,
          infiniplex_staircase_pool, lemuel_fruit_fields, serial_bayou_shore_b
Lair:4:   minmay_guarded_unrand_snakebite, layout_cave_pods, hibernation_bobbens
Lair:5:   layout_regular_city, nicolae_slime_entry_slimehenge,
          serial_bayou_pond_c, nzn_masters_of_martial_movement,
          infiniplex_staircase_pool_2
Lair:6:   grunt_lair_end_beastmaster, layout_layer_cave
Shoals:1: layout_shoals, nicolae_island_escapes
Shoals:2: layout_shoals, nicolae_specific_store, nicolae_shoals_cliffside_cave,
          yaktaur_hedge
Shoals:3: layout_shoals, serial_shops, shop_statue, nicolae_shoals_mertower
Shoals:4: shoals_end_grunt_ice, layout_shoals, gammafunk_ghost_tricky_traps
Snake:1:  layout_grid_shapes, serial_shops, nicolae_take_the_stairs,
          grunt_ministairs_6
Snake:2:  layout_onion, serial_shops, nicolae_take_the_stairs, shop,
          nicolae_shop_behind_doors, shop_statue, minmay_shoptagon
Snake:3:  layout_concentric_octagons, nicolae_shop_firing_range
Snake:4:  snake_pit_salamanders_mu, layout_misc_corridors, serial_shops,
          nicolae_shop_temple_entry_statues_fountains,
          ebering_ghost_reflecting_pool, minmay_shop_grid_forest
Orc:1:    layout_diamond_mine
Orc:2:    st_orc_ogre_mass, layout_caves, serial_shops, nicolae_shop_crystal,
          hangedman_feature_mirror, okawaru_metal_pillars_1_2, uniq_saint_roka,
          uniq_azrael
Elf:1:    elf_arrival_001, layout_loops_ring, gammafunk_ghost_wrathful_warriors,
          minmay_elf_annihilation, minmay_shop_star, grunt_megastairs_2,
          uniq_jorgrun
Elf:2:    layout_loops_cross, portal_ice_cave_entry_pillars_1, serial_shops,
          nicolae_diamond_shop, uniq_aizul
Elf:3:    minmay_elf_hall_hex, layout_rooms, enter_trove_2
Vaults:1: ontoclasm_vaults_ring_small, vaults_mumra_hex, grunt_vaults_diagonal,
          nicolae_vaults_yaktaur_gun_rack, hangedman_vaults_corner,
          vaults_room_hallway, vaults_room_hallway, v_misc_1,
          nicolae_vaults_little_squares_5, ontoclasm_vaults_loading_screen,
          layout_vaults_omnicross
Vaults:2: vaults_room_corners, ontoclasm_vaults_gateway, ontoclasm_vaults_eye,
          ontoclasm_vaults_ligature, nicolae_vaults_little_squares_1,
          hangedman_vaults_stagger, ontoclasm_vaults_twist,
          layout_vaults_big_room, portal_desolation_entry_garden
Vaults:3: minmay_crypt_entry_nasty_monster, nicolae_vaults_theta,
          vaults_room_guarded_vault, nicolae_vaults_diagonal_hallway_7,
          v_misc_24, vaults_mumra_minichess_inversion, nicolae_vaults_big_ls,
          v_misc_1, nicolae_vaults_little_squares_2, grunt_vaults_funnel,
          v_rooms_3, vaults_room_corners, layout_vaults_omnigrid, serial_shops,
          shop
Vaults:4: st_greater_box_3, nicolae_vaults_alarming,
          nicolae_vaults_ninety_degrees, nicolae_vaults_network_quincunx
          [nicolae_vaults_network_quincunx_subvault,
          nicolae_vaults_network_quincunx_subvault,
          nicolae_vaults_network_quincunx_subvault,
          nicolae_vaults_network_quincunx_subvault,
          nicolae_vaults_network_quincunx_subvault], vaults_mumra_hexcomb,
          v_misc_27, v_misc_4, ontoclasm_vaults_pinch,
          grunt_vaults_hallway_short, vaults_dpeg_encased_lava,
          vaults_room_semicircle, layout_vaults_maze_snakey
Crypt:1:  layout_misc_corridors, door_vault

Skill      XL: |  1  2  3  4  5  6  7  8  9 10 11 12 13 14 15 16 17 18 19 20 21 |
---------------+----------------------------------------------------------------+-----
Fighting       | 4 5 7 9 10 12 13 14 15 16 17 18 19 20 21 | 21.0
Axes           | 3 5 7 8 10 11 13 15 16 17 | 17.8
Armour         | 4 5 6 7 8 9 10 12 13 14 15 | 15.5
Necromancy     | 1 2 3 4 5 6 7 8 9 10 11 | 11.6
Spellcasting   | 1 2 3 4 5 6 7 |  7.2
Slings         | 1 2 3 |  3.0
Dodging        | 1 2 3 4 |  4.9
Shields        | 4 5 6 7 8 9 10 11 12 13 14 | 14.9
Invocations    | 1 3 5 7 9 10 12 13 14 15 17 18 19 | 19.8
Stealth        | 1 2 3 4 |  4.9
Maces & Flails | 2 3 |  3.1
Evocations     | 2 4 6 7 8 |  8.6

Action                   |  1- 3 |  4- 6 |  7- 9 | 10-12 | 13-15 | 16-18 | 19-21 | 22-24 || total
-------------------------+-------+-------+-------+-------+-------+-------+-------+-------++-------
Melee: War axe           |    86 |   100 |   332 |   537 |   141 |       |       |       ||  1196
       Broad axe         |       |       |       |       |   644 |  1004 |  1097 |    23 ||  2768
       Mace              |       |       |       |       |    86 |       |       |       ||    86
 Fire: Hunting sling     |     4 |    24 |    17 |    34 |    13 |       |       |       ||    92
 Cast: Pain              |       |     1 |     4 |       |       |       |       |       ||     5
       Animate Skeleton  |       |       |     2 |       |       |       |       |       ||     2
       Vampiric Draining |       |       |       |     1 |       |       |       |       ||     1
Invok: Animate Remains   |       |       |    21 |     6 |       |       |       |       ||    27
       Animate Dead      |       |       |       |    50 |    89 |    99 |    49 |       ||   287
       Injury Mirror     |       |       |       |     1 |       |       |     1 |       ||     2
       Drain Life        |       |       |       |     1 |     1 |    13 |     6 |     2 ||    23
       Enslave Soul      |       |       |       |       |     3 |     8 |     3 |       ||    14
       Recall Undead Sla |       |       |       |       |       |     1 |     4 |       ||     5
 Abil: Evoke Blink       |       |       |       |       |       |       |       |     1 ||     1
Evoke: Wand              |       |       |     3 |     3 |     5 |     5 |     5 |       ||    21
       Phial of floods   |       |       |       |       |       |     1 |       |       ||     1
  Use: Scroll            |       |     4 |       |    20 |    10 |    13 |     8 |     2 ||    57
       Potion            |       |       |       |       |     1 |     5 |     2 |     6 ||    14
 Stab: Distracted        |       |       |       |     3 |    14 |    22 |    12 |     1 ||    52
       Paralysed         |       |       |       |       |       |     1 |       |       ||     1
Armor: Scale mail        |    30 |    57 |    13 |       |       |       |       |       ||   100
       Ring mail         |       |       |   180 |   199 |    49 |       |       |       ||   428
       Plate armour      |       |       |       |       |   385 |   484 |   490 |    15 ||  1374
Dodge: Dodged            |    21 |    29 |   137 |   190 |   304 |   373 |   242 |     3 ||  1299
       Repelled          |       |       |       |       |     8 |    19 |       |       ||    27
Block: Kite shield       |    42 |    59 |   218 |   247 |   626 |   727 |   655 |    20 ||  2594

Table legend: (Time is in decaauts)
 A = Elapsed time spent in this place.
 B = Non-inter-level travel time spent in this place.
 C = Inter-level travel time spent in this place.
 D = Time resting spent in this place.
 E = Time spent auto-exploring this place.
 F = Levels seen in this place.
 G = Mean time per level.
                   A        B        C        D        E       F      G
               +--------+--------+--------+--------+--------+-----+--------+
         Total |  56828 |  52114 |   4714 |   6963 |  33454 |  41 | 1386.0 |
       Dungeon |  18407 |  16467 |   1940 |   1288 |  11305 |  15 | 1227.1 |
          Lair |   8735 |   8007 |    728 |    865 |   5239 |   6 | 1455.8 |
        Shoals |   6552 |   6207 |    345 |   1097 |   3963 |   4 | 1638.0 |
     Snake Pit |   8969 |   8631 |    338 |   2278 |   4777 |   4 | 2242.2 |
  Orcish Mines |   3524 |   3119 |    405 |    589 |   1858 |   2 | 1762.0 |
   Elven Halls |   2431 |   2364 |     67 |    187 |   1401 |   3 |  810.3 |
        Vaults |   7577 |   6688 |    889 |    656 |   4658 |   4 | 1894.2 |
         Crypt |      1 |      1 |      0 |      0 |      0 |   1 |    1.0 |
      Ice Cave |    595 |    595 |      0 |      3 |    251 |   1 |  595.0 |
    Desolation |     33 |     33 |      0 |      0 |      0 |   1 |   33.0 |
               +--------+--------+--------+--------+--------+-----+--------+

Top non-repeatable levels by time:
 Snake:4: 4281 daAuts
Shoals:4: 2515 daAuts
   Orc:2: 2369 daAuts
     D:3: 2221 daAuts
     D:2: 2204 daAuts
Vaults:3: 2124 daAuts
Vaults:2: 2054 daAuts
  Lair:4: 1968 daAuts
    D:10: 1949 daAuts
 Snake:3: 1847 daAuts
Vaults:1: 1802 daAuts
  Lair:6: 1777 daAuts
 Snake:1: 1641 daAuts
Vaults:4: 1596 daAuts
Shoals:1: 1555 daAuts
